 Dungeon Crawl Stone Soup version 0.30.1-4-g462c640d31 (webtiles) character file.

Game seed: 4779187030934223160

38 HagarQim the Conjurer (level 3, -5/19 HPs)
             Began as a Deep Elf Conjurer on Aug 18, 2023.
             Engulfed by a cloud of flame (24 damage)
             ... on level 2 of the Dungeon.
             The game lasted 00:04:14 (1684 turns).

HagarQim the Conjurer (Deep Elf Conjurer)           Turns: 1684, Time: 00:04:15

Health: -5/19      AC:  2    Str:  1 (4)  XL:     3   Next: 25%
Magic:  9/9        EV: 17    Int: 23 (24) God:
Gold:   107        SH:  0    Dex: 12 (13) Spells: 5/8 levels left

rFire   . . .        (no weapon)
rCold   . . .        (no shield)
rNeg    + . .        a - +0 robe
rPois   .            (no helmet)
rElec   .            (no cloak)
rCorr   .            (no gloves)
SInv    .            (no boots)
Will    .....        (no amulet)
Stlth   ++           d - ring of positive energy
HPRegen 0.23/turn    g - +5 ring of evasion
MPRegen 0.11/turn

%: no passive effects
@: no status effects
A: no striking features
a: no special abilities


You were on level 2 of the Dungeon.
You visited 1 branch of the dungeon, and saw 2 of its levels.

You collected 107 gold pieces.

Inventory:

Missiles
 c - 2 poisoned darts
Armour
 a - a +0 robe (worn)
Jewellery
 d - a ring of positive energy (left hand)
 g - a +5 ring of evasion (right hand)
 i - a ring of protection from fire
Scrolls
 e - a scroll of blinking
 f - 2 scrolls of teleportation
 n - a scroll of fog
Potions
 b - a potion of magic
 h - a potion of curing
 j - a potion of might {unknown}
 k - 2 potions of resistance
 l - a potion of berserk rage {unknown}
 m - a potion of mutation {unknown}
 o - a potion of haste {unknown}


   Skills:
 + Level 2.5 Dodging
 + Level 2.7 Stealth
 + Level 3.3 Spellcasting
 + Level 5.3 Conjurations


You had 5 spell levels left.
You knew the following spells:

 Your Spells              Type           Power      Damage    Failure   Level
a - Magic Dart            Conj           100%       1d8       1%          1
b - Searing Ray           Conj           56%        2d6       1%          2

Your spell library contained the following spells:

 Spells                   Type           Power      Damage    Failure   Level
 Dazzling Flash           Conj/Hex       32%        N/A       11%         3
 Fulminant Prism          Conj/Hex       8%         3d7       36%         4
 Iskenderun's Mystic Bla  Conj/Tloc      16%        2d5       36%         4


Dungeon Overview and Level Annotations

Branches:
Dungeon (2/15)

Altars:


Message History

Unknown command.
Press < or > to pray at altars.
g - a +5 ring of evasion You're wearing all the rings you can.
Remove which one? (? for menu, Esc to cancel) < or
d - a ring of positive energy; > or
i - a ring of protection from fire You remove your ring of protection from fire.
g - a +5 ring of evasion (right hand)
Found a stone staircase leading up.
An endoplasm comes into view.
The magic dart hits the endoplasm.
You kill the endoplasm!
You start resting.
Magic restored.
A rat comes into view.
The magic dart hits the rat.
You kill the rat!
You start resting.
Magic restored.
You see here a rat corpse.
You now have 90 gold pieces (gained 5).
You now have 93 gold pieces (gained 3).
You now have 107 gold pieces (gained 14).
Found a short sword.
Found 4 stones and a chain mail.
You see here 4 stones.
A ball python comes into view.
The magic dart hits the ball python.
You kill the ball python!
You start resting.
Magic restored.
p - a scroll labelled NOGUPR TOOTIFOME
Found 6 javelins.
As you read the scroll labelled NOGUPR TOOTIFOME, it crumbles to dust.
Wisps of shadow whirl around you...
It was a scroll of summoning.
You swap places.
Really walk into a travel-excluded area?
You are engulfed in blazing flames.
Ouch! That really hurt!
You die...

#.....).####.####... ...
#.......# #.(.....# ###
##...#######.####### #○☼☼#
#...[...... #°☼.#
###.######. #§.§# #.#
#####...#######.######
###.§§..$$..☼§☼.Jg........
#
#...§☼..$...○☼@KS########.
## #.#.§...$.$.°○§..# ##.
#.######...#####.# ##.8
#.# #☼§.# #.# ##.8. ###.#
#☼°.# #.. ##.8.# ....#
#§§.# #### ##.8.## ###.#
#...####### ##.8.##. #.#
#..##..<..# ##.8.##.8 #.#
#.###.###.# ##.8.##.8.


You could see a friendly endoplasm (summoned), a friendly goblin (summoned), a
friendly ball python (summoned) and a friendly kobold (summoned).

Vanquished Creatures
  An adder (D:2)
  A worm (D:2)
  2 dart slugs (D:1)
  2 ball pythons (D:2)
  2 endoplasms (D:2)
  A goblin (D:1)
  2 hobgoblins
  5 kobolds
  2 bats
  A frilled lizard (D:1)
  4 rats
23 creatures vanquished.

Notes
Turn   | Place    | Note
-------+----------+-------------------------------------------
     0 | D:1      | HagarQim the Deep Elf Conjurer began the quest for the Orb.
     0 | D:1      | Reached XP level 1. HP: 10/10 MP: 6/6
   435 | D:1      | Reached XP level 2. HP: 15/15 MP: 5/8
   529 | D:1      | Learned a level 2 spell: Searing Ray
   957 | D:2      | Reached skill level 5 in Conjurations
  1080 | D:2      | Reached XP level 3. HP: 19/19 MP: 4/9
  1443 | D:2      | Found a faded altar of an unknown god.
  1684 | D:2      | Engulfed by a cloud of flame

Illustrated notes

Levels and vault maps discovered:
D:1:      minmay_arrival_up_and_down, layout_loops_ring,
          amcnicky_mini_corridor_feature
D:2:      minmay_inner_zag, layout_loops_ring, basic_ecumenical_altar,
          lemuel_flame_loot_1

Skill      XL: |  1  2 |
---------------+-------+-----
Conjurations   | 5 |  5.3
Dodging        | |  2.5
Stealth        | |  2.7
Spellcasting   | |  3.3

Action                     || total
---------------------------++-------
   Cast: Magic Dart        ||    44
    Use: Scroll            ||     7
         Potion            ||     2
 Armour: Robe              ||     2
  Dodge: Dodged            ||     7
